 Dungeon Crawl Stone Soup version 0.28-a0-726-g4a9143789a (webtiles) character file.

Game seed: 8741747668228813142

150 cheechan the Skirmisher (level 5, 0/49 HPs)
             Began as a Naga Fighter on Oct 27, 2021.
             Slain by a black bear (3 damage)
             ... on level 4 of the Dungeon.
             The game lasted 00:07:32 (2454 turns).

cheechan the Skirmisher (Naga Fighter)              Turns: 2454, Time: 00:07:33

Health: 0/49       AC:  6    Str: 19    XL:     5   Next: 32%
Magic:  5/5        EV:  7    Int:  9    God:
Gold:   79         SH:  4    Dex: 10    Spells: 4/4 levels left

rFire   . . .      SeeInvis +   a - +0 war axe
rCold   . . .      Faith    .   c - +0 buckler
rNeg    . . .      Spirit   .   b - +0 scale mail
rPois   +          Reflect  .   (no helmet)
rElec   .          Harm     .   (no cloak)
rCorr   .          Rampage  .   h - +0 pair of gloves
Will    .....                   (no barding)
Stlth   ..........              (no amulet)
HPRegen 0.16/turn               (no ring)
MPRegen 0.09/turn               (no ring)

@: mighty, very slow
A: AC +1, large, see invisible, deformed body, poison resistance, slowness 2,
spit poison 1, naga tail 1
a: Spit Poison


You were on level 4 of the Dungeon.
You visited 1 branch of the dungeon, and saw 4 of its levels.

You collected 79 gold pieces.

Inventory:

Hand Weapons
 a - a +0 war axe (weapon)
 g - a +0 war axe
 m - a +0 whip of venom
 p - a +4 dagger
 s - a +1 dagger of flaming
 u - a +0 great mace
Missiles
 n - 16 bolts
 t - 21 sling bullets
Armour
 b - a +0 scale mail (worn)
 c - a +0 buckler (worn)
 h - a +0 pair of gloves (worn)
Wands
 i - a wand of flame (21)
 j - a wand of iceblast (10)
 r - a wand of polymorph (8)
Scrolls
 o - a scroll of teleportation
Potions
 e - a potion of ambrosia {unknown}
 f - 6 potions of curing
 k - 5 potions of heal wounds {unknown}
 l - a potion of attraction {unknown}
 q - a potion of flight {unknown}


   Skills:
 + Level 3.5 Fighting
 + Level 3.2 Axes
 + Level 3.4 Armour
 + Level 0.9 Dodging
 + Level 0.1 Stealth
 + Level 2.8 Shields


You had 4 spell levels left.
You didn't know any spells.
Your spell library was empty.

Dungeon Overview and Level Annotations

Branches:
Dungeon (4/15)
 Temple: D:4-7

Altars:
Zin

Shops:
D:2 [   D:3 *   D:4 [


Innate Abilities, Weirdness & Mutations

Your serpentine skin is tough. (AC +1)
You have supernaturally acute eyesight. (SInv)
Armour fits poorly on your strangely shaped body.
Your system is resistant to poisons. (rPois)
You cover ground very slowly.
You can spit poison.
You have a snake-like lower body.


Message History

The hound bites you. You block the hound's attack.
You closely miss the hound.
The hound is lightly wounded.
The hound bites you. You block the hound's attack.
You feel very mighty all of a sudden.
The black bear bites you but does no damage.
The black bear claws you but does no damage.
You block the black bear's attack. The hound bites you but does no damage.
You hit the black bear.
The black bear is lightly wounded.
You hit the hound. The hound completely misses you.
You block the black bear's attack. The black bear claws you. x2
The hound bites you but does no damage. The black bear bites you!
* * * LOW HITPOINT WARNING * * *
The black bear claws you but does no damage.
The black bear barely misses you.
You slice the black bear!!
The black bear is almost dead.
You slash the hound!
You kill the hound!
The black bear goes berserk!
Your Axes skill increases to level 3!
You closely miss the black bear.
The black bear is almost dead.
You block the black bear's attack. The black bear claws you.
* * * LOW HITPOINT WARNING * * *
The black bear closely misses you. The black bear bites you!
* * * LOW HITPOINT WARNING * * *
The black bear claws you.
* * * LOW HITPOINT WARNING * * *
The black bear claws you but does no damage.
You closely miss the black bear.
The black bear is almost dead.
The black bear barely misses you. x3; The black bear completely misses you.
The black bear claws you but does no damage.
You block the black bear's attack.
You closely miss the black bear.
The black bear is almost dead.
The black bear bites you.
You die...

######### #######
##.......#########.....#
.<.....@...............#
##..$...h#####.........#
#......$# #.........#
#$......# #.........#
#.......# #.........#
#.......# #.........#
#.......# #..........
........# #..........
##.........


You could see a black bear (berserk).

Vanquished Creatures
  A hound (D:4)
  2 adders (D:3)
  3 gnolls (D:2)
  A worm (D:2)
  3 dart slugs
  9 orcs
  A bat (D:1)
  4 endoplasms
  2 giant cockroaches
  6 goblins
  3 hobgoblins
  2 quokkas (D:3)
  7 ball pythons
  5 frilled lizards
  6 kobolds
  2 rats (D:3)
57 creatures vanquished.

Notes
Turn   | Place    | Note
-------+----------+-------------------------------------------
     0 | D:1      | cheechan the Naga Fighter began the quest for the Orb.
     0 | D:1      | Reached XP level 1. HP: 21/21 MP: 1/1
    60 | D:2      | Found Biyj's Antique Armour Boutique.
   223 | D:2      | Reached XP level 2. HP: 12/28 MP: 2/2
   507 | D:1      | Found a faded altar of an unknown god.
   752 | D:1      | Reached XP level 3. HP: 26/34 MP: 3/3
  1316 | D:2      | Reached XP level 4. HP: 10/42 MP: 4/4
  2118 | D:3      | Found Zin's Purification Station.
  2118 | D:3      | Found a glowing silver altar of Zin.
  2372 | D:4      | Found Jownuvei's Armour Boutique.
  2399 | D:4      | Reached XP level 5. HP: 21/49 MP: 5/5
  2444 | D:4      | Noticed a black bear
  2454 | D:4      | Slain by a black bear

Illustrated notes

Levels and vault maps discovered:
D:1:      evilmike_arrival_hilbert_curve, layout_loops_ring,
          chequers_ecumenical_altar_island
D:2:      layout_basic, serial_shops, shop
D:3:      layout_loops_corners, zin_purify
D:4:      layout_basic, nemelex_xobeh_ov_fountains_minmay, serial_shops, shop,
          shop, shop, st_stairs_13, uniq_pikel

Skill      XL: |  1  2  3  4  5 |
---------------+----------------+-----
Armour         | 3 |  3.4
Axes           | 3 |  3.2
Fighting       | |  3.5
Dodging        | |  0.9
Stealth        | |  0.1
Shields        | |  2.8

Action                   |  1- 3 |  4- 6 || total
-------------------------+-------+-------++-------
Melee: War axe           |    77 |    78 ||   155
 Abil: Spit Poison       |     7 |     1 ||     8
  Use: Scroll            |     2 |     3 ||     5
       Potion            |       |     1 ||     1
Armor: Scale mail        |    48 |    50 ||    98
Dodge: Dodged            |    39 |    43 ||    82
Block: Buckler           |    22 |    17 ||    39

Table legend: (Time is in decaauts)
 A = Elapsed time spent in this place.
 B = Non-inter-level travel time spent in this place.
 C = Inter-level travel time spent in this place.
 D = Time resting spent in this place.
 E = Time spent auto-exploring this place.
 F = Levels seen in this place.
 G = Mean time per level.
                   A        B        C        D        E       F      G
               +--------+--------+--------+--------+--------+-----+--------+
         Total |   3175 |   3175 |      0 |    571 |      0 |   4 |  793.8 |
       Dungeon |   3175 |   3175 |      0 |    571 |      0 |   4 |  793.8 |
               +--------+--------+--------+--------+--------+-----+--------+

Top non-repeatable levels by time:
     D:2: 1124 daAuts
     D:1: 983 daAuts
     D:3: 956 daAuts
     D:4: 111 daAuts
